Map: 이페머론 - 래더

Players

HolyHit

  • Race: Protoss Protoss
  • Spawn Location: 5:00

RagnaroK (SHIN) - Winner!

  • Race: Zerg Zerg
  • Spawn Location: 11:00

Event: IEM Katowice 2020

VOD

Have the link to the VOD?

Description

Time

  • Played on: Feb. 25, 2020, 9:08 a.m.
  • Length: 12:40

All games in this series

Show
View Real Time Build Order
Export as new Build Order

HolyHit Protoss 

Build Orders: 1 Gate Expand, Oracle Opening, Phoenix Opening, Mass Phoenix 

Get SALT Encoding   

  12  0:00  Probe  
  13  0:12  Probe  
  14  0:17  Pylon  
  14  0:24  Probe (Chrono Boost)  
  15  0:37  Probe (Chrono Boost)  
  15  0:38  Gateway  
  16  0:44  Probe (Chrono Boost)  
  16  0:47  Assimilator  
  17  0:51  Probe  
  18  1:04  Probe  
  19  1:16  Probe  
  20  1:25  Nexus  
  21  1:35  Cybernetics Core  
  21  1:37  Probe  
  21  1:43  Assimilator  
  21  1:49  Probe  
  21  1:52  Pylon  
  22  2:01  Probe  
  23  2:08  Adept (Chrono Boost)  
  23  2:13  Probe  
  26  2:21  Stargate  
  26  2:25  Probe  
  26  2:28  Adept (Chrono Boost)  
  27  2:36  Warp Gate  
  30  2:37  Probe (Chrono Boost)  
  30  2:43  Probe (Chrono Boost)  
  31  2:46  Probe (Chrono Boost)  
  31  2:50  Probe (Chrono Boost)  
  33  2:51  Probe (Chrono Boost), Adept  
  36  3:01  Probe  
  36  3:03  Probe  
  36  3:05  Phoenix (Chrono Boost)  
  40  3:13  Probe, Pylon  
  40  3:15  Probe  
  42  3:26  Probe  
  43  3:27  Oracle (Chrono Boost)  
  46  3:34  Gateway  
  46  3:38  Probe  
  46  3:39  Assimilator  
  47  3:41  Assimilator  
  47  3:46  Pylon  
  47  3:47  Probe  
  48  3:50  Probe  
  48  3:53  Stargate  
  49  3:58  Pylon  
  49  3:59  Probe (Chrono Boost)  
  50  4:08  Probe (Chrono Boost)  
  51  4:11  Probe (Chrono Boost)  
  51  4:14  Phoenix  
  55  4:20  Probe x2 (Chrono Boost)  
  56  4:25  Nexus  
  56  4:29  Pylon  
  56  4:32  Probe  
  57  4:41  Phoenix (Chrono Boost)  
  57  4:42  Probe  
  57  4:43  Phoenix (Chrono Boost)  
  60  4:46  Probe  
  60  4:50  Shield Battery  
  61  4:55  Probe  
  61  4:58  Phoenix (Chrono Boost)  
  64  5:03  Phoenix  
  64  5:04  Probe  
  67  5:09  Pylon  
  67  5:10  Probe  
  68  5:20  Probe  
  68  5:21  Phoenix, Forge  
  69  5:28  Phoenix  
  73  5:31  Probe (Chrono Boost)  
  75  5:38  Probe (Chrono Boost)  
  75  5:42  Probe (Chrono Boost)  
  77  5:44  Probe (Chrono Boost), Adept x2  
  77  5:46  Phoenix  
  77  5:47  Probe (Chrono Boost)  
  83  5:50  Probe  
  83  5:53  Phoenix, Probe  
  83  5:56  Photon Cannon  
  86  6:11  Phoenix  
  86  6:13  Probe  
  89  6:20  Probe  
  89  6:22  Probe  
  89  6:23  Gateway  
  89  6:24  Gateway  
  92  6:25  Probe, Photon Cannon  
  92  6:26  Assimilator  
  92  6:29  Assimilator  
  90  6:39  Fleet Beacon, Stargate  
  90  6:41  Phoenix  
  90  6:45  Protoss Air Weapons Level 1 (Chrono Boost)  
  90  6:46  Probe  
  92  6:52  Pylon  
  92  6:53  Probe x2  
  94  6:58  Probe  
  94  6:59  Protoss Shields Level 1  
  95  7:05  Probe x2  
  97  7:08  Pylon  
  97  7:10  Phoenix x2  
  97  7:11  Pylon  
  101  7:15  Probe  
  101  7:17  Probe, Pylon  
  101  7:18  Probe, Pylon  
  101  7:21  Adept x2  
  108  7:30  Pylon  
  108  7:34  Anion Pulse-Crystals (Chrono Boost), Void Ray (Chrono Boost)  
  111  7:56  Photon Cannon  
  111  7:59  Photon Cannon  
  111  8:04  Nexus  
  117  8:14  Carrier (Chrono Boost)  
  119  8:24  Void Ray (Chrono Boost)  
  119  8:26  Pylon  
  119  8:27  Carrier (Chrono Boost)  
  119  8:28  Assimilator, Unknown  
  119  8:30  Shield Battery  
  119  8:31  Shield Battery  
  119  8:33  Assimilator  
  119  8:35  Shield Battery  
  119  8:41  Protoss Air Weapons Level 2 (Chrono Boost)  
  117  8:50  Shield Battery  
  117  8:51  Photon Cannon  
  123  9:01  Void Ray (Chrono Boost)  
  123  9:02  Carrier (Chrono Boost)  
  127  9:05  Adept x3  
  127  9:12  Photon Cannon  
  127  9:13  Photon Cannon  
  127  9:15  Shield Battery  
  127  9:23  Zealot  
  122  9:29  Zealot  
  122  9:34  Carrier (Chrono Boost)  
  112  9:38  Void Ray (Chrono Boost)  
  117  9:45  Probe  
  117  9:50  Twilight Council  
  117  9:52  Adept  
  119  9:55  Photon Cannon  
  119  9:57  Photon Cannon  
  119  10:02  Probe x3  
  119  10:07  Stalker x2  
  130  10:17  Photon Cannon  
  130  10:18  Carrier (Chrono Boost)  
  130  10:20  Sentry x2  
  126  10:37  Photon Cannon  
  122  10:43  Probe x3  
  122  10:48  Photon Cannon  
  122  10:49  Nexus  
  125  10:50  Photon Cannon  
  106  11:13  Void Ray (Chrono Boost)  
  106  11:21  Void Ray (Chrono Boost)  
  106  11:22  Void Ray (Chrono Boost)  
  87  11:35  Adept x2  
  91  11:53  Void Ray (Chrono Boost)  
  111  12:31  Zealot x2  
Show
View Real Time Build Order
Export as new Build Order

RagnaroK Zerg - Winner!

Build Orders: Hatch First 

Get SALT Encoding   

  12  0:00  Drone  
  13  0:12  Overlord  
  13  0:16  Drone  
  14  0:31  Drone x2  
  16  0:48  Hatchery  
  15  0:51  Drone  
  15  0:55  Drone  
  17  0:58  Drone  
  18  1:09  Extractor  
  17  1:15  Spawning Pool  
  17  1:17  Drone  
  17  1:20  Drone  
  18  1:27  Drone  
  19  1:39  Drone  
  20  1:53  Drone  
  21  2:01  Queen x2  
  21  2:02  Zergling x4  
  27  2:11  Overlord  
  27  2:12  Metabolic Boost  
  27  2:15  Drone  
  28  2:30  Drone  
  28  2:32  Hatchery  
  28  2:35  Drone  
  29  2:37  Drone  
  29  2:42  Drone  
  31  2:47  Queen  
  33  2:52  Overlord  
  33  2:57  Zergling x4  
  35  3:03  Drone  
  36  3:08  Overlord  
  36  3:11  Drone  
  36  3:12  Drone x3  
  40  3:18  Drone x2  
  42  3:24  Queen  
  44  3:28  Overlord  
  44  3:29  Drone  
  44  3:33  Spore Crawler  
  44  3:35  Spore Crawler  
  44  3:38  Drone  
  44  3:39  Drone  
  45  3:45  Queen  
  45  3:46  Drone  
  48  3:51  Drone  
  48  3:55  Drone  
  50  3:56  Overlord  
  50  3:58  Drone x2  
  50  3:59  Drone  
  50  4:02  Spore Crawler  
  52  4:07  Zergling x6  
  54  4:15  Drone, Roach Warren  
  54  4:16  Drone  
  55  4:18  Drone x2  
  55  4:23  Drone x2  
  59  4:25  Extractor  
  59  4:26  Extractor  
  59  4:29  Lair  
  57  4:32  Drone x2  
  59  4:43  Drone x4  
  59  4:44  Overlord  
  59  4:45  Overlord  
  63  4:48  Drone x3  
  66  4:54  Overlord x2  
  66  4:57  Overlord  
  66  5:04  Drone x5  
  71  5:12  Drone  
  71  5:13  Drone x2  
  74  5:14  Drone  
  74  5:16  Extractor  
  74  5:20  Overlord  
  74  5:24  Overlord  
  74  5:26  Drone  
  74  5:27  Drone  
  74  5:28  Overseer, Drone x6  
  81  5:30  Glial Reconstitution  
  81  5:34  Extractor  
  81  5:35  Extractor  
  79  5:38  Spire  
  80  5:43  Roach x3  
  80  5:46  Zergling x4, Roach  
  87  5:52  Drone  
  87  5:53  Drone x4  
  92  6:02  Spore Crawler  
  92  6:04  Spore Crawler  
  89  6:09  Spore Crawler  
  86  6:13  Spore Crawler x2  
  86  6:15  Spore Crawler, Drone x5  
  88  6:21  Drone x3  
  88  6:23  Drone x2  
  93  6:25  Spore Crawler  
  93  6:26  Hatchery  
  93  6:27  Spore Crawler  
  93  6:31  Drone x2  
  93  6:32  Drone x2  
  91  6:41  Overlord x2  
  91  6:48  Overlord  
  91  6:49  Overlord  
  91  6:59  Corruptor x6  
  103  7:05  Corruptor, Evolution Chamber  
  103  7:07  Corruptor  
  103  7:08  Corruptor  
  102  7:18  Roach x5  
  110  7:24  Zergling x12, Roach  
  118  7:33  Zerg Melee Weapons Level 1  
  118  7:36  Overlord  
  118  7:38  Drone x9  
  118  7:42  Queen  
  127  7:48  Drone x2, Baneling Nest  
  127  7:49  Overlord  
  127  7:54  Overlord  
  127  7:56  Drone x2  
  129  8:07  Zerg Flyer Armor Level 1  
  129  8:08  Corruptor x4  
  129  8:12  Overlord  
  137  8:17  Drone  
  136  8:20  Overlord x2  
  136  8:26  Infestation Pit  
  134  8:29  Overlord x2  
  134  8:31  Centrifical Hooks  
  134  8:32  Zergling x14, Roach  
  143  8:40  Drone  
  146  8:41  Zergling x12, Roach  
  146  8:48  Zergling x12, Roach  
  156  8:52  Corruptor x3  
  161  9:02  Hatchery  
  161  9:06  Hive  
  160  9:10  Zergling x14, Roach  
  166  9:18  Zergling x14, Roach  
  167  9:28  Corruptor x4  
  156  9:38  Corruptor x3  
  156  9:39  Corruptor  
  156  9:43  Extractor  
  156  9:44  Extractor, Drone x4  
  166  9:49  Overlord  
  166  9:51  Zerg Melee Weapons Level 2  
  166  9:53  Corruptor  
  166  9:59  Baneling x12  
  168  10:00  Baneling  
  168  10:01  Zerg Flyer Weapons Level 1  
  168  10:10  Drone x4  
  168  10:14  Corruptor x2  
  172  10:16  Zergling x2  
  172  10:17  Zergling x12  
  181  10:29  Viper x2  
  181  10:33  Extractor  
  173  10:37  Extractor  
  173  10:40  Drone  
  173  10:41  Drone x2  
  173  10:42  Corruptor x3  
  163  10:44  Zergling x24  
  177  10:56  Zergling x22, Roach  
  173  11:11  Corruptor  
  173  11:12  Corruptor x4  
  175  11:19  Corruptor x3  
  175  11:24  Corruptor x2  
  181  11:31  Corruptor x2  
  175  11:40  Drone x3  
  175  11:41  Spore Crawler  
  175  11:45  Overseer x2  
  175  11:46  Pneumatized Carapace  
  177  11:50  Corruptor  
  177  11:51  Corruptor  
  177  11:53  Hatchery  
  180  11:56  Corruptor x2  
  180  11:58  Overlord  
  184  12:02  Ravager  
  185  12:15  Drone x3  
  184  12:18  Spine Crawler  
  184  12:20  Spine Crawler  
  187  12:26  Drone x3  

Tags
 
Add a new tag
Caveats
  • Supply blocks, unpowered buildings, or Contaminate may cause inaccurate times.
  • Supply counts are checked every 10 seconds.